 Dungeon Crawl Stone Soup version 0.21-a0-258-g4c0eb85 (webtiles) character file.

65 christos the Ruffian (level 4, -7/39 (40) HPs)
             Began as a Ghoul Monk on Sept 6, 2017.
             Mangled by a gnoll
             ... wielding a +0 halberd
              (8 damage)
             ... on level 2 of the Dungeon.
             The game lasted 00:02:31 (1494 turns).

christos the Ruffian (Ghoul Monk)                   Turns: 1494, Time: 00:02:31

HP:   -7/39 (40)    AC:  2    Str: 14    XL:     4   Next: 13%
MP:   3/3           EV: 13    Int:  5    God:
Gold: 56            SH:  0    Dex: 12    Spells: 3/3 levels left

rFire    . . .     SeeInvis .     - Unarmed
rCold    + . .     Gourm    .   (no shield)
rNeg     + + +     Faith    .   a - +0 robe
rPois    ∞         Spirit   .   (no helmet)
rElec    .         Reflect  .   (no cloak)
rCorr    .         Harm     .   (no gloves)
MR       .....                  (no boots)
Stlth    ++........             (no amulet)
HPRegen  0.00/turn              (no ring)
MPRegen  0.08/turn              (no ring)

@: rotting
A: rotting body, claws 1, carnivore 3, cold resistance 1, negative energy
resistance 3, inhibited regeneration, torment resistance, unbreathing
a: no special abilities


You were on level 2 of the Dungeon.
You were not hungry.

You visited 1 branch of the dungeon, and saw 2 of its levels.

You collected 56 gold pieces.

Inventory:

Armour
 a - a +0 robe (worn)
Jewellery
 g - an uncursed ring of resist corrosion {unknown}
Scrolls
 c - a scroll of recharging {unknown}
 d - a scroll of remove curse {unknown}
 e - a scroll of immolation {unknown}
 j - 2 scrolls of identify {unknown}
 k - a scroll of fear {unknown}
Potions
 f - a potion of lignification {unknown}
 h - a potion of haste {unknown}
Comestibles
 b - a meat ration
 i - a royal jelly


   Skills:
 + Level 3.9 Fighting
 + Level 3.1 Dodging
 * Level 3.1 Stealth
 + Level 4.0 Unarmed Combat


You had 3 spell levels left.
You didn't know any spells.

Dungeon Overview and Level Annotations

Branches:
Dungeon (2/15)

Altars:
Nemelex Xobeh
Sif Muna


Innate Abilities, Weirdness & Mutations

Your body is rotting away.
You thrive on raw meat.
You are immune to poison.
You have sharp fingernails.
You are carnivorous and can eat meat at any time.
Your flesh is cold resistant. (rC+)
You are immune to negative energy. (rN+++)
You do not regenerate when monsters are visible.
You are immune to unholy pain and torment.
You can survive without breathing.


Message History

You scratch the gnoll.
The gnoll is heavily wounded.
The gnoll hits you with a halberd!
* * * LOW HITPOINT WARNING * * *
You closely miss the gnoll.
The gnoll is heavily wounded.
The gnoll barely misses you.
You barely miss the gnoll.
The gnoll is heavily wounded.
You closely miss the gnoll.
The gnoll is heavily wounded.
The gnoll closely misses you.
You scratch the gnoll.
The gnoll is severely wounded.
The gnoll hits you with a halberd!
* * * LOW HITPOINT WARNING * * *
You scratch the gnoll.
The gnoll is severely wounded.
The gnoll hits you with a halberd!
You die...

.... #.# #... ..... #.# #...
......###.########...
.....>.......))......
.....###.########...
#................
###....########## #######....#
## #..g@......# #.
#.#####....# #.
####.#####....# #.
#.......##....# #.
#####.......####### #.
........)...# #.
#######.......################
............................##
.#####...[....##...[.......('_


You could see a gnoll.

Vanquished Creatures
  Terence (D:2)
  An adder (D:2)
  An ooze (D:1)
  A dart slug (D:2)
  A leopard gecko (D:1)
  A ball python (D:1)
  2 giant cockroaches (D:2)
  4 hobgoblins
  2 bats (D:1)
  2 frilled lizards (D:1)
  3 goblins
  3 kobolds (D:1)
  3 rats
25 creatures vanquished.

Notes
Turn   | Place    | Note
-------+----------+-------------------------------------------
     0 | D:1      | christos the Ghoul Monk began the quest for the Orb.
     0 | D:1      | Reached XP level 1. HP: 19/19 MP: 0/0
    26 | D:1      | Reached XP level 2. HP: 26/26 MP: 1/1
   333 | D:1      | Found a sparkling altar of Nemelex Xobeh.
   974 | D:2      | Reached XP level 3. HP: 33/33 MP: 2/2
   994 | D:2      | Noticed Terence
  1033 | D:2      | Killed Terence
  1408 | D:2      | Reached skill level 4 in Unarmed Combat
  1408 | D:2      | Reached XP level 4. HP: 29/38 MP: 3/3
  1441 | D:2      | Found a deep blue altar of Sif Muna.
  1493 | D:2      | HP: 1/39 [gnoll/halberd (9)]
  1494 | D:2      | Mangled by a gnoll

Vault maps used:
D:1:      eino_arrival_water_cross, nemelex_diamond_rough_becter
D:2:      lemuel_blue_sif_altar, uniq_terence, uniq_natasha

Skill      XL: |  1  2  3 |
---------------+----------+-----
Dodging        | 3 |  3.1
Stealth        | 3 |  3.1
Unarmed Combat | 4 |  4.0
Fighting       | |  3.9

Action                   |  1- 3 |  4- 6 || total
-------------------------+-------+-------++-------
Melee: Unarmed           |    69 |    10 ||    79
 Stab: Sleeping          |     5 |       ||     5
  Eat: Chunk             |    12 |     1 ||    13
Armor: Robe              |     8 |       ||     8
Dodge: Dodged            |    34 |     4 ||    38

Table legend:
 A = Spawn XP
 B = Non-spawn XP
 C = Spawn XP percentage of total XP
 D = Spawn monster count
 E = Non-spawn monster count
 F = Spawn count percentage of total count
 G = Total turns spent on level
                    A         B        C        D         E        F      G
               +---------+---------+-------+---------+---------+-------+---------
         Total |       0 |      93 |   0.0 |       0 |      25 |   0.0 |  1494
               +---------+---------+-------+---------+---------+-------+---------
           D:1 |       0 |      27 |   0.0 |       0 |      15 |   0.0 |   882
           D:2 |       0 |      66 |   0.0 |       0 |      10 |   0.0 |   612
               +---------+---------+-------+---------+---------+-------+---------
